 Dungeon Crawl Stone Soup version 0.29.1-1-gd02db6906a (webtiles) character file.

Game seed: 5474139561534827396

81 GreyHunter the Ruffian (level 4, 0/36 HPs)
             Began as a Ghoul Gladiator on Sept 21, 2022.
             Slain by a scorpion (7 damage)
             ... on level 3 of the Dungeon.
             The game lasted 00:05:16 (1785 turns).

GreyHunter the Ruffian (Ghoul Gladiator)            Turns: 1785, Time: 00:05:17

Health: 0/36       AC:  5    Str: 17    XL:     4   Next: 42%
Magic:  3/3        EV: 12    Int:  3    God:
Gold:   112        SH:  0    Dex: 12    Spells: 3/3 levels left

rFire   . . .      SeeInvis .     - Unarmed
rCold   + . .      Faith    .   (no shield)
rNeg    + + +      Spirit   .   a - +0 leather armour
rPois   ∞          Reflect  .   b - +0 helmet
rElec   .          Harm     .   p - +0 cloak
rCorr   .          Rampage  .   (no gloves)
Will    .....                   (no boots)
Stlth   +.........              (no amulet)
HPRegen 0.00/turn               (no ring)
MPRegen 0.08/turn               (no ring)

@: brilliant, inhibited regen
A: claws 1, cold resistance 1, negative energy resistance 3, inhibited
regeneration, torment resistance 2, devour on kill
a: no special abilities


You were on level 3 of the Dungeon.
You visited 1 branch of the dungeon, and saw 3 of its levels.

You collected 112 gold pieces.

Inventory:

Missiles
 d - a javelin (quivered)
Armour
 a - a +0 leather armour (worn)
 b - a +0 helmet (worn)
 p - a +0 cloak (worn)
Jewellery
 o - a +6 ring of strength
Scrolls
 e - a scroll of blinking {unknown}
 g - a scroll of magic mapping {unknown}
 i - a scroll of fear {unknown}
 j - 2 scrolls of identify {unknown}
 l - a scroll of enchant armour {unknown}
 m - a scroll of vulnerability {unknown}
 q - a scroll of noise {unknown}
Potions
 f - a potion of brilliance
 h - a potion of berserk rage {unknown}
 k - a potion of resistance {unknown}
 n - a potion of lignification {unknown}


   Skills:
 - Level 2.1 Fighting
 - Level 1.7 Throwing
 - Level 2.6 Dodging
 + Level 5.6 Unarmed Combat


You had 3 spell levels left.
You didn't know any spells.
Your spell library contained the following spells:

 Spells                   Type           Power      Damage    Failure   Level
 Beastly Appendage        Tmut           Unusable   N/A       N/A         1
 Wereblood                Tmut           Unusable   N/A       N/A         2
 Spider Form              Tmut/Pois      Unusable   N/A       N/A         3

Dungeon Overview and Level Annotations

Branches:
Dungeon (3/15)

Altars:

Shops:
D:2 *


Innate Abilities, Weirdness & Mutations

You are immune to poison.
You have sharp fingernails.
Your flesh is cold resistant. (rC+)
You are immune to negative energy. (rN+++)
You do not regenerate when monsters are visible.
You are immune to unholy pain and torment.
You thrive by killing the living.


Message History

The scorpion is lightly wounded.
The scorpion stings you.
You barely miss the scorpion.
You claw the scorpion, but do no damage.
The scorpion is lightly wounded.
The scorpion stings you. The scorpion attacks as you move away!
The scorpion stings you. The scorpion barely misses you.
Throw: 3 throwing nets
Press: ? - help, Q - select action, (/) - cycle Shift-Dir - straight line, f - scorpion
Aim: a scorpion (lightly wounded, 57% to hit)
You throw a throwing net.
The throwing net barely misses the scorpion.
The scorpion stings you.
Throw: 2 throwing nets
Press: ? - help, Q - select action, (/) - cycle Shift-Dir - straight line, f/p - scorpion
Aim: a scorpion (lightly wounded, 57% to hit)
You throw a throwing net.
The throwing net barely misses the scorpion.
The scorpion closely misses you.
Throw: throwing net
Press: ? - help, Q - select action, (/) - cycle Shift-Dir - straight line, f/p - scorpion
Aim: a scorpion (lightly wounded, 57% to hit)
You throw a throwing net. The throwing net hits the scorpion.
The scorpion is caught in the net!
The scorpion is lightly wounded.
The scorpion struggles against the net.
The scorpion struggles against the net.
The scorpion struggles against the net.
The scorpion struggles against the net.
The scorpion struggles against the net. x2
The net rips apart, and the scorpion comes free!
You see here a +0 dagger.
The scorpion attacks as you move away! The scorpion stings you!
* * * LOW HITPOINT WARNING * * *
The scorpion stings you but does no damage.
It was a potion of brilliance.
You feel clever all of a sudden. The scorpion stings you!
You die...

### ### #.# #.# ###.#
#.###### #...# #......#
#.#s# #.####.# #.#.#
#@####.#
#.#.#####s...#.######
...#
#s#....###.#.#...<..#
...#
###)####.###.#.########
...# #...# #......#..
...# #..o# #..###.####
...# #...# #..# #.#
...# ###.# #..# #.#
...#####.# #... ...


You could see a scorpion.

Vanquished Creatures
  An adder (D:2)
  5 dart slugs
  2 orcs (D:3)
  8 endoplasms
  3 giant cockroaches
  4 goblins (D:1)
  7 hobgoblins
  6 kobolds
  A quokka (D:1)
  2 ball pythons (D:1)
  8 bats
  5 frilled lizards
  4 rats
56 creatures vanquished.

Vanquished Creatures (others)
  A bat (D:1)
1 creature vanquished.

Grand Total: 57 creatures vanquished

Notes
Turn   | Place    | Note
-------+----------+-------------------------------------------
     0 | D:1      | GreyHunter the Ghoul Gladiator began the quest for the Orb.
     0 | D:1      | Reached XP level 1. HP: 17/17 MP: 0/0
    30 | D:1      | Reached XP level 2. HP: 21/24 MP: 1/1
    75 | D:1      | Reached skill level 4 in Unarmed Combat
   357 | D:1      | Reached XP level 3. HP: 29/29 MP: 2/2
   762 | D:2      | Reached skill level 5 in Unarmed Combat
   840 | D:2      | Found a faded altar of an unknown god.
   958 | D:2      | Reached XP level 4. HP: 36/36 MP: 3/3
  1312 | D:2      | Found Comosent's Assorted Antiques.
  1740 | D:3      | Noticed a scorpion
  1785 | D:3      | Slain by a scorpion

Illustrated notes

Levels and vault maps discovered:
D:1:      lightli_arrival_noodles, layout_basic
D:2:      layout_loops_corners, basic_altar,
          hellmonk_ecumenical_altar_pennies_from_heaven, serial_shops,
          nicolae_shop_overgrown_old_shop
D:3:      layout_basic, chequers_temple_overflow_statue_of_worship,
          hangedman_decor_growths, uniq_jessica, uniq_crazy_yiuf_cottage,
          uniq_grinder, uniq_ijyb

Skill      XL: |  1  2  3 |
---------------+----------+-----
Unarmed Combat | 4 5 |  5.6
Fighting       | |  2.1
Throwing       | |  1.7
Dodging        | |  2.6

Action                   |  1- 3 |  4- 6 || total
-------------------------+-------+-------++-------
Melee: Unarmed           |    78 |    41 ||   119
       Punch             |     1 |     1 ||     2
Throw: Throwing net      |       |     3 ||     3
  Use: Potion            |       |     1 ||     1
 Stab: Sleeping          |     1 |       ||     1
Armor: Leather armour    |    16 |    22 ||    38
Dodge: Dodged            |    49 |    44 ||    93
